 Dungeon Crawl Stone Soup version 0.21-a0-404-g291f19a (webtiles) character file.

95 Smithy the Skirmisher (level 4, -6/38 HPs)
             Began as a Formicid Abyssal Knight on Oct 27, 2017.
             Was a Believer of Lugonu.
             Killed by divine providence
             ... invoked by an orc priest
              (11 damage)
             ... on level 3 of the Dungeon.
             The game lasted 00:06:51 (1998 turns).

Smithy the Skirmisher (Formicid Abyssal Knight)     Turns: 1998, Time: 00:06:51

Health: -6/38      AC:  6    Str: 17    XL:     4   Next: 95%
Magic:  5/5        EV: 10    Int: 12    God:    Lugonu [**....]
Gold:   31         SH:  5    Dex: 10    Spells: 3/3 levels left

rFire    + . .     SeeInvis +   a - +1 spear
rCold    + . .     Gourm    .   (no shield)
rNeg     . . .     Faith    .   o - +0 ring mail
rPois    +         Spirit   .   (helmet unavailable)
rElec    +         Reflect  +   h - +0 cloak
rCorr    +         Harm     .   (no gloves)
MR       .....                  (no boots)
Stlth    +.........             f - +5 amulet of reflection
HPRegen  0.12/turn              i - -2 ring of slaying (curse)
MPRegen  0.09/turn              (no ring)

@: resistant
A: permanent stasis, dig shafts and tunnels, four strong arms, antennae 3
a: Dig, Shaft Self, Depart the Abyss, Bend Space, Renounce Religion


You were on level 3 of the Dungeon.
You worshipped Lugonu.
Lugonu was pleased with you.
You were hungry.

You visited 1 branch of the dungeon, and saw 3 of its levels.
You visited the Abyss 1 time.

You collected 31 gold pieces.

Inventory:

Hand Weapons
 a - a +1 spear (weapon)
 d - a +0 spear
Armour
 b - a +0 leather armour
 h - a +0 cloak (worn)
 o - a +0 ring mail (worn)
Jewellery
 f - a +5 amulet of reflection (around neck)
 i - a cursed -2 ring of slaying (left hand)
Wands
 q - a wand of acid (4/15)
Scrolls
 g - 3 scrolls of enchant weapon {unknown}
 k - 2 scrolls of teleportation {unknown}
 l - a scroll of random uselessness {unknown}
 m - 4 scrolls of identify {unknown}
 r - a scroll of amnesia {unknown}
Potions
 e - a potion of haste
Comestibles
 c - a bread ration
 n - 3 meat rations
 p - a royal jelly
 s - 3 chunks of flesh


   Skills:
 + Level 4.5 Fighting
 + Level 2.9 Polearms
 + Level 2.8 Armour
 + Level 1.2 Dodging
 + Level 0.2 Stealth
 + Level 2.4 Invocations


You had 3 spell levels left.
You didn't know any spells.

Dungeon Overview and Level Annotations

Branches:
Dungeon (3/15)

Altars:
Elyvilon


Innate Abilities, Weirdness & Mutations

You cannot be hasted, slowed, berserked, paralysed or teleported.
You can dig through walls and to a lower floor.
Your four strong arms can wield two-handed weapons with a shield.
You have a pair of large antennae on your head. (SInv)


Message History

You feel protected.
The orc priest hits you but does no damage.
The orc hits you but does no damage.
The orc priest mumbles some strange prayers to Beogh against you.
Pain shoots through your body!
* * * LOW HITPOINT WARNING * * *
The orc hits you but does no damage.
The orc priest looks satisfied for a moment.
You are feeling hungry.
You barely miss the orc. You hit the orc.
The orc is moderately wounded.
The orc hits you but does no damage. The orc hits you but does no damage.
The orc priest mumbles some strange prayers to Beogh against you.
You barely resist.
The orc priest hits you but does no damage.
The orc priest mumbles some strange prayers to Beogh against you.
Beogh smites you!
You die...

#### #.....#..#
...####..#..##.##
#....#..##.#...#
#.......#.#.o.#
##.....)#)#...#
#......<.##.##
.######.o....#..#.#
.......o.########(## ###
.......@.#...###.(.###.o
.#######...⌠....._...{{{
###...###...###oo #####
##.##{### #.# { #.# ...
.⌠. #...#


You could see an orc priest and an orc.

Vanquished Creatures
  An iguana (D:2)
  2 adders (D:2)
  2 dart slugs (D:2)
  2 leopard geckos
  7 orcs
  2 bats
  6 goblins
  2 hobgoblins (D:2)
  5 kobolds
  2 quokkas
  2 ball pythons
  3 frilled lizards
  3 rats (D:2)
39 creatures vanquished.

Notes
Turn   | Place    | Note
-------+----------+-------------------------------------------
     0 | Abyss:1  | Smithy the Formicid Abyssal Knight began the quest for the Orb.
     0 | Abyss:1  | Reached XP level 1. HP: 18/18 MP: 2/2
    73 | Abyss:1  | Found a corrupted altar of Lugonu.
   141 | D:1      | Escaped the Abyss
   336 | D:2      | Reached XP level 2. HP: 25/25 MP: 3/3
   485 | D:2      | Reached skill level 4 in Fighting
   485 | D:2      | Reached skill level 1 in Dodging
   485 | D:2      | Reached XP level 3. HP: 8/30 MP: 4/4
   900 | D:2      | Reached XP level 4. HP: 38/38 MP: 5/5
  1030 | D:2      | Reached ** piety under Lugonu
  1380 | D:3      | Found a white marble altar of Elyvilon.
  1998 | D:3      | Killed from afar by an orc priest

Vault maps used:
D:1:      minmay_arrival_five_plusses
D:3:      lemuel_doored_altar, first_bread, elyvilon_altar_1

Skill      XL: |  1  2 |
---------------+-------+-----
Fighting       | 4 |  4.5
Dodging        | 1 |  1.2
Polearms       | |  2.9
Armour         | |  2.8
Stealth        | |  0.2
Invocations    | |  2.4

Action                   |  1- 3 |  4- 6 || total
-------------------------+-------+-------++-------
Melee: Spear             |    56 |    86 ||   142
  Use: Potion            |     1 |     2 ||     3
  Eat: Chunk             |       |     3 ||     3
Armor: Leather armour    |    18 |     5 ||    23
       Ring mail         |       |    11 ||    11
Dodge: Dodged            |    42 |    49 ||    91
Block: Other             |       |    12 ||    12

Table legend:
 A = Spawn XP
 B = Non-spawn XP
 C = Spawn XP percentage of total XP
 D = Spawn monster count
 E = Non-spawn monster count
 F = Spawn count percentage of total count
 G = Total turns spent on level
                    A         B        C        D         E        F      G
               +---------+---------+-------+---------+---------+-------+---------
         Total |       0 |     136 |   0.0 |       0 |      39 |   0.0 |  1998
               +---------+---------+-------+---------+---------+-------+---------
           D:1 |       0 |       5 |   0.0 |       0 |       3 |   0.0 |   185
           D:2 |       0 |     105 |   0.0 |       0 |      25 |   0.0 |  1173
           D:3 |       0 |      26 |   0.0 |       0 |      11 |   0.0 |   499
               +---------+---------+-------+---------+---------+-------+---------
